 Dungeon Crawl Stone Soup version 0.27-a0-203-gd48b2df3c9 (webtiles) character file.

Game seed: 4429186071682848899

122595 Zdeegee the Peltast (level 17, -8/137 HPs)
             Began as a Formicid Abyssal Knight on Jan 31, 2021.
             Was the Champion of Lugonu.
             Mangled by a bog body (11 damage)
             ... on level 1 of the Swamp.
             The game lasted 01:24:09 (36210 turns).

Zdeegee the Peltast (Formicid Abyssal Knight)      Turns: 36210, Time: 01:24:10

Health: -8/137     AC: 28    Str: 24    XL:     17   Next: 43%
Magic:  22/26      EV: 12    Int:  8    God:    Lugonu [******]
Gold:   3320       SH: 36    Dex: 10    Spells: 16/16 levels left

rFire    + + +     SeeInvis +   a - +6 demon trident (distort)
rCold    . . .     Faith    .   F - +10 tower shield of Ignorance {rN+ Int-4}
rNeg     + + .     Spirit   .   B - +6 scale mail of Fibimile {rF+++ rN+ Regen+ Slay-2}
rPois    +         Reflect  +   (helmet unavailable)
rElec    .         Harm     .   L - +2 cloak {rPois}
rCorr    .         Rampage  .   x - +2 pair of gloves
Will     +++..                  k - +0 pair of boots {Stlth+}
Stlth    +.........             K - amulet of reflection
HPRegen  0.72/turn              P - ring of willpower
MPRegen  0.20/turn              C - ring "Wuseeniar" {rF+ Will+ AC+4 Stlth+}

@: studying Dodging, very slow
A: permanent stasis, dig shafts and tunnels, four strong arms, antennae 3
a: Dig, Shaft Self, Renounce Religion, Depart the Abyss, Bend Space, Banish,
Corrupt, Enter the Abyss


You were on level 1 of the Swamp.
You worshipped Lugonu.
Lugonu was exalted by your worship.
You visited 4 branches of the dungeon, and saw 24 of its levels.
You visited the Abyss 4 times.
You also visited: Sewer, Bailey, Gauntlet, Ice Cave and Volcano.

You collected 3567 gold pieces.
You spent 247 gold pieces at shops.

Inventory:

Hand Weapons
 a - a +6 demon trident of distortion (weapon)
 b - the +9 lance "Wyrmbane" {slay drac, rPois rF+ rC+ AC+3}
   (You found it on level 15 of the Dungeon)

   It affects your AC (+3).
   It protects you from fire.
   It protects you from cold.
   It protects you from poison.
 W - a +0 demon trident of flaming
Missiles
 w - 3 curare-tipped darts
 y - 2 throwing nets
 N - 21 silver javelins (quivered)
Armour
 k - a +0 pair of boots of stealth (worn)
 n - a +2 cloak of willpower
 p - a +2 kite shield of reflection
 v - a +0 chain mail of cold resistance
 x - a +2 pair of gloves (worn)
 B - the +6 scale mail of Fibimile (worn) {rF+++ rN+ Regen+ Slay-2}
   (You found it on level 3 of the Lair of Beasts)

   It affects your accuracy and damage with ranged weapons and melee attacks
   (-2).
   It renders you almost immune to fire.
   It protects you from negative energy.
   It increases your rate of regeneration.
 F - the +10 tower shield of Ignorance (worn) {rN+ Int-4}
   (You found it on level 1 of the Orcish Mines)

   It affects your intelligence (-4).
   It protects you from negative energy.
 L - a +2 cloak of poison resistance (worn)
 O - a scarf of repulsion
 T - the +5 ring mail "Getunluapp" {-Tele rF++ Will+ Int+4}
   (You found it on level 4 of the Lair of Beasts)

   It affects your intelligence (+4).
   It greatly protects you from fire.
   It affects your willpower, your defense against some magical effects.
   It prevents most forms of teleportation.
 X - +0 storm dragon scales
Jewellery
 o - an uncursed ring of protection from cold
 r - an uncursed ring of protection from cold
 t - an uncursed ring of flight
 C - the ring "Wuseeniar" (right hand) {rF+ Will+ AC+4 Stlth+}
   (You found it on level 5 of the Lair of Beasts)

   [ring of protection]

   It affects your AC (+4).
   It protects you from fire.
   It affects your willpower, your defense against some magical effects.
   It makes you more stealthy.
 K - an amulet of reflection (around neck)
 P - a ring of willpower (left hand)
 V - an uncursed ring of resist corrosion
Wands
 c - a wand of flame (73)
 q - a wand of iceblast (27)
 H - a wand of acid (28)
 Q - a wand of paralysis (11)
Scrolls
 g - a scroll of identify
 j - 5 scrolls of fog
 m - 4 scrolls of immolation
 u - 5 scrolls of remove curse
 A - 5 scrolls of amnesia
 E - a scroll of silence
 I - a scroll of magic mapping
 J - a scroll of holy word
 M - 3 scrolls of enchant armour
 Y - a scroll of fear
Potions
 d - 7 potions of lignification
 f - 11 potions of curing
 i - 5 potions of brilliance
 l - a potion of heal wounds
 z - a potion of flight
 D - a potion of mutation
 G - a potion of resistance
 R - a potion of ambrosia
 S - a potion of might
 U - 3 potions of cancellation
 Z - a potion of magic
Books
 s - a manual of Dodging
Miscellaneous
 e - a condenser vane
 h - a phantom mirror


   Skills:
 * Level 13.5 Fighting
 + Level 13.0 Polearms
 + Level 3.7 Throwing
 * Level 14.0 Armour
 + Level 5.7 Dodging
 - Level 3.6 Stealth
 * Level 16.5 Shields
 + Level 12.6 Invocations
 + Level 6.7 Evocations


You had 16 spell levels left.
You didn't know any spells.
Your spell library contained the following spells:

 Spells                   Type           Power        Failure   Level
 Animate Skeleton         Necr           0%           63%         1
 Foxfire                  Conj/Fire      0%           63%         1
 Pain                     Necr           0%           63%         1
 Shock                    Conj/Air       0%           63%         1
 Sting                    Tmut/Pois      0%           63%         1
 Poisonous Vapours        Pois/Air       0%           77%         2
 Conjure Flame            Conj/Fire      0%           94%         3
 Inner Flame              Hex/Fire       0%           94%         3
 Mephitic Cloud           Conj/Pois/Air  0%           94%         3
 Spider Form              Tmut/Pois      0%           94%         3
 Static Discharge         Conj/Air       0%           94%         3
 Vampiric Draining        Necr           0%           94%         3
 Airstrike                Air            0%           100%        4
 Animate Dead             Necr           0%           100%        4
 Leda's Liquefaction      Hex/Erth       0%           100%        4
 Sticky Flame             Conj/Fire      0%           100%        4
 Agony                    Necr           0%           100%        5
 Alistair's Intoxication  Tmut/Pois      0%           100%        5
 Bolt of Magma            Conj/Fire/Erth 0%           100%        5
 Fireball                 Conj/Fire      0%           100%        5
 Lightning Bolt           Conj/Air       0%           100%        5
 Eringya's Noxious Bog    Tmut/Pois      0%           100%        6
 Iron Shot                Conj/Erth      0%           100%        6
 Statue Form              Tmut/Erth      0%           100%        6
 Shatter                  Erth           0%           100%        9
 Swiftness                Air            Unusable     N/A         2

Dungeon Overview and Level Annotations

Branches:
Dungeon (15/15)            Temple (0/1) D:5            Lair (6/6) D:8
  Swamp (1/4) Lair:3       Spider (0/4) Lair:3        Slime (0/5) Lair:6
    Orc (2/2) D:12            Elf (0/3) Orc:2        Vaults (0/5) D:14
 Depths (0/5) D:15          Sewer (visited)          Bailey (visited)
  IceCv (visited)         Volcano (visited)         Gauntlet (visited)

Altars:
Ashenzari
Dithmenos
Fedhas
Hepliaklqana
Kikubaaqudgha
Makhleb
Qazlal
Ru
Sif Muna
Trog
Uskayaw
Wu Jian
Xom
Beogh
Jiyva

Shops:
Orc:1 *   Orc:2 [([:

Portals:
Trove: D:11 (give 7 scrolls of fear)

Annotations:
D:5 3 runed translucent doors, Dittersdorf's ghost, novice HuFi; Nietzsche's ghost, amateur HOMo; Snicker's ghost, weakling DsDe; dickylongcocking's ghost, novice HuAM
Lair:5 2 transporters, Hiegg's ghost, journeyman CeAM
Orc:1 1 runed translucent door, exclusion: 2 orange crystal statues
Abyss:1 Fannar; Nergalle


Innate Abilities, Weirdness & Mutations

You cannot be hasted, slowed, berserked, paralysed or teleported.
You can dig through walls and to a lower floor.
Your four strong arms can wield two-handed weapons with a shield.
You have a pair of large antennae on your head. (SInv)


Message History

The spriggan druid is engulfed in noxious fumes.
The spriggan druid appears confused.
The alligator is engulfed in noxious fumes.
The alligator appears confused.
You block the alligator's attack.
The alligator tail-slaps you but does no damage.
You block the eight-headed hydra's attack. x2
The eight-headed hydra bites you but does no damage.
You block the eight-headed hydra's attack.
The eight-headed hydra bites you.
* * * LOW HITPOINT WARNING * * *
The eight-headed hydra completely misses you.
The eight-headed hydra bites you.
* * * LOW HITPOINT WARNING * * *
You block the eight-headed hydra's attack.
The spriggan rider hits you from afar with a cursed -1 spear!
* * * LOW HITPOINT WARNING * * *
The bog body touches you.
* * * LOW HITPOINT WARNING * * *
The bog body freezes you!
You die...

♣.♣.≈≈≈♣ ♣......♣
♣♣≈≈≈≈≈♣ ♣§≈≈≈.♣ ♣♣♣
♣≈≈≈. ♣≈≈≈≈.♣ ♣♣.♣♣
♣≈...♣ ♣≈i≈♣<♣ ♣♣♣...♣
♣.≈>. ♣♣.°it♣ ♣♣§♣♣.♣♣
♣.≈♣. ♣♣≈tnt♣♣♣♣≈≈...♣
♣.!.♣ ♣.≈°♣@°♣♣≈...♣.♣
≈.♣....♣♣♣.xD°♣t.≈.♣♣♣.♣
≈......[.♣D≈k°°≈.♣♣♣ ♣♣♣
..........≈≈.)♣.♣♣
..#####..≈.♣...♣♣
#...♣♣≈.♣♣♣.♣ #..†≈.♣♣♣♣
♣♣♣ ##.i≈.♣ #.[...♣


You could see a bunyip, 4 alligators, an eight-headed hydra, a five-headed
hydra, a spriggan rider, a spriggan druid (confused), a bog body and a swamp
drake.

Vanquished Creatures
  A frost giant (IceCv)
  2 orc warlords
  A minotaur (Gauntlet)
  Snorg (Lair:4)
  An ettin (Orc:1)
  A fire dragon (Lair:6)
  The ghost of Snicker the Covert, a journeyman DsDe of Okawaru (Orc:1)
  2 vault guards (D:14)
  3 boulder beetles
  7 hydras
  5 centaur warriors
  3 two-headed ogres
  A tengu warrior (D:15)
  Urug (Lair:2)
  5 death yaks
  A vampire mage (D:15)
  A storm dragon zombie (D:15)
  An orc high priest (Orc:2)
  2 skeletal warriors (D:15)
  4 unseen horrors
  A glowing orange brain (shapeshifter) (Gauntlet)
  A swamp dragon (shapeshifter) (Gauntlet)
  A swamp dragon (Swamp:1)
  An orange crystal statue (Orc:1)
  A phantasmal warrior (D:13)
  A wizard (D:15)
  An orb spider (Lair:3)
  2 lindwurms (Lair:6)
  A necromancer (D:15)
  3 orc knights
  3 ugly things
  2 orc sorcerers (Orc:2)
  3 cyclopes
  A wolf spider (Lair:6)
  2 manticores (D:14)
  A frost giant zombie (D:15)
  A spectral centaur (Gauntlet)
  4 elephants
  2 salamanders (Volcano)
  An ice statue (IceCv)
  Maurice (D:9)
  3 centaur zombies
  2 molten gargoyles (Lair:6)
  2 gargoyles
  7 black mambas
  10 cane toads
  A centaur skeleton (D:14)
  A yaktaur (D:15)
  Psyche (D:11)
  5 rime drakes
  16 komodo dragons
  A yaktaur (shapeshifter) (D:13)
  6 trolls
  A redback zombie (D:15)
  12 polar bears
  A hornet (D:12)
  9 blink frogs
  3 slime creatures
  10 dream sheep
  Prince Ribbit (D:5)
  A centaur simulacrum (Gauntlet)
  A spriggan (Swamp:1)
  5 fire bats
  53 yaks
  12 wyverns
  3 wraiths
  9 humans (D:14)
  A golden eye (shapeshifter) (Gauntlet)
  15 basilisks
  2 steam dragons (Lair:6)
  10 vampire mosquitoes
  2 wargs
  3 swamp worms (Lair:3)
  A harpy simulacrum (Gauntlet)
  An acid dragon (D:11)
  4 hell hounds
  A soldier ant (D:14)
  8 water moccasins
  52 orc warriors
  3 sky beasts
  A spectral hornet (Gauntlet)
  A black bear (shapeshifter) (D:13)
  4 ice beasts
  2 phantoms
  5 black bears
  A necrophage (D:6)
  46 wolves
  11 ogres
  8 centaurs
  2 big kobolds
  20 bullfrogs
  A yaktaur zombie (D:15)
  4 gnoll sergeants (D:5)
  A wyvern skeleton (D:13)
  A scorpion (D:4)
  6 killer bees
  3 wights (D:8)
  7 electric eels
  4 howler monkeys
  4 lava snakes (Lair:6)
  2 quasits
  3 gnoll shamans (D:5)
  11 hounds
  18 jellies
  28 orc priests
  4 bullfrog skeletons
  2 iguanas
  19 orc wizards
  6 hell rats (D:14)
  13 worker ants
  A worker ant zombie (D:8)
  23 gnolls
  4 river rats (Sewer)
  14 adders
  2 white imps
  2 ufetubi
  14 oozes
  An adder zombie (D:9)
  2 adder skeletons
  6 worms
  2 dart slugs
  5 leopard geckos
  125 orcs
  12 bats
  A bat zombie (D:8)
  8 giant cockroaches
  15 goblins
  5 hobgoblins
  6 jackals (D:5)
  34 kobolds
  3 quokkas
  3 ball pythons (Sewer)
  8 frilled lizards
  2 quokka skeletons
  31 rats
  2 rat zombies (D:8)
926 creatures vanquished.

Vanquished Creatures (others)
  A rime drake (IceCv)
  A bush (Lair:6)
  2 demonic plants (Gauntlet)
  33 fungi
  92 plants
  20 withered plants
149 creatures vanquished.

Grand Total: 1075 creatures vanquished

Notes
Turn   | Place    | Note
-------+----------+-------------------------------------------
     0 | Abyss:1  | Zdeegee the Formicid Abyssal Knight began the quest for the
                  | Orb.
     0 | Abyss:1  | Reached XP level 1. HP: 18/18 MP: 2/2
    15 | Abyss:1  | Found a roughly hewn altar of Beogh.
    54 | Abyss:1  | Found a corrupted altar of Lugonu.
   114 | Abyss:1  | Noticed a flying skull
   117 | D:1      | Escaped the Abyss
   466 | D:1      | Reached XP level 2. HP: 8/25 MP: 3/3
  1154 | D:1      | Reached * piety under Lugonu
  1155 | D:1      | Reached XP level 3. HP: 30/30 MP: 4/4
  1698 | D:2      | Reached skill level 1 in Dodging
  1874 | D:2      | Found a hazy altar of Hepliaklqana.
  2242 | D:2      | Reached XP level 4. HP: 37/37 MP: 5/5
  3823 | D:2      | Reached XP level 5. HP: 22/43 MP: 7/7
  4162 | D:3      | Found a bloodstained altar of Trog.
  4174 | D:3      | Found a blossoming altar of Fedhas.
  4189 | D:3      | Reached ** piety under Lugonu
  5085 | D:4      | Reached XP level 6. HP: 21/50 MP: 8/8
  5092 | D:4      | Reached skill level 5 in Fighting
  5199 | D:4      | Found a glowing drain.
  5203 | Sewer    | Entered a sewer
  5711 | Sewer    | Reached skill level 1 in Stealth
  6271 | Sewer    | Reached *** piety under Lugonu
  6411 | Sewer    | Reached XP level 7. HP: 35/56 MP: 9/9
  7470 | D:4      | You fall into a shaft and drop 3 floors!
  8248 | D:7      | Reached XP level 8. HP: 64/64 MP: 11/11
  8575 | D:5      | Entered Level 5 of the Dungeon
  8575 | D:5      | Found a stormy altar of Qazlal.
  8587 | D:5      | Found an ornate altar of the Wu Jian Council.
  8762 | D:4      | Reached skill level 5 in Polearms
  9202 | D:5      | Found a runed translucent gate.
  9202 | D:5      | Found a runed translucent gate.
  9202 | D:5      | Found a runed translucent gate.
  9202 | D:5      | Noticed Dittersdorf's ghost (novice HuFi)
  9202 | D:5      | Noticed Snicker's ghost (weakling DsDe)
  9202 | D:5      | Noticed Nietzsche's ghost (amateur HOMo)
  9202 | D:5      | Noticed dickylongcocking's ghost (novice HuAM)
  9455 | D:5      | Found a staircase to the Ecumenical Temple.
  9485 | D:5      | Found a sacrificial altar of Ru.
  9588 | D:5      | Reached skill level 5 in Invocations
  9602 | D:5      | Reached skill level 5 in Armour
  9609 | D:5      | Reached XP level 9. HP: 28/71 MP: 12/12
 10014 | D:5      | Reached **** piety under Lugonu
 10249 | D:5      | Reached skill level 1 in Throwing
 10702 | D:5      | Cast into level 1 of the Abyss (gnoll)
 10715 | Abyss:1  | Noticed a white very ugly thing
 10760 | Abyss:1  | Noticed a lorocyproca
 10781 | Abyss:1  | Noticed an orange demon
 10782 | Abyss:1  | Noticed a raiju
 10784 | D:5      | Escaped the Abyss
 10926 | D:5      | Cast into level 1 of the Abyss (gnoll)
 10926 | Abyss:1  | Found a runed translucent gate.
 10926 | Abyss:1  | Found a runed translucent gate.
 10926 | Abyss:1  | Found a runed translucent gate.
 10934 | Abyss:1  | Noticed a smoke demon
 10934 | D:5      | Escaped the Abyss
 11473 | D:5      | Cast into level 1 of the Abyss (gnoll)
 11473 | Abyss:1  | Found a runed translucent gate.
 11473 | Abyss:1  | Found a runed translucent gate.
 11473 | Abyss:1  | Found a runed translucent gate.
 11473 | Abyss:1  | Found a corrupted altar of Lugonu.
 11504 | Abyss:1  | Noticed a wretched star
 11505 | D:5      | Escaped the Abyss
 11861 | D:6      | Noticed Prince Ribbit
 11995 | D:5      | Killed Prince Ribbit
 12013 | D:6      | Reached skill level 1 in Shields
 12277 | D:6      | Got a shimmering whip
 12278 | D:6      | Identified the +9 whip of Immorality {freeze, Dex+4} (You
                  | found it on level 6 of the Dungeon)
 12293 | D:6      | Found a broken altar of Ashenzari.
 13363 | D:6      | Reached XP level 10. HP: 36/79 MP: 14/14
 13633 | D:7      | Found a stormy altar of Qazlal.
 13737 | D:7      | Found a shimmering altar of Xom.
 14136 | D:8      | Found a staircase to the Lair.
 14247 | D:8      | Noticed an oklob plant
 14257 | D:8      | Reached skill level 2 in Shields
 14262 | D:8      | Reached skill level 1 in Evocations
 14616 | D:8      | Reached skill level 3 in Shields
 14913 | D:8      | Found an ancient bone altar of Kikubaaqudgha.
 14964 | D:8      | Banished an oklob plant
 15074 | D:9      | Noticed Maurice
 15103 | D:9      | Killed Maurice
 15172 | D:9      | Found a hide-covered altar of Uskayaw.
 15288 | D:9      | Found a burning altar of Makhleb.
 15378 | D:9      | Found a shimmering blue altar of Sif Muna.
 15393 | D:9      | Found a shimmering altar of Xom.
 15442 | D:9      | Found a broken altar of Ashenzari.
 15463 | D:9      | Reached XP level 11. HP: 86/86 MP: 16/16
 15506 | D:9      | Reached skill level 4 in Shields
 15857 | D:10     | Entered Level 10 of the Dungeon
 16221 | D:10     | Noticed a two-headed ogre
 16225 | D:10     | Banished a two-headed ogre
 16231 | D:10     | Found a flagged portal.
 16243 | Bailey   | Entered a bailey
 16243 | Bailey   | Noticed an orc knight
 16244 | Bailey   | Noticed an orc knight
 16256 | Bailey   | Banished an orc knight
 16257 | Bailey   | Reached skill level 5 in Shields
 16279 | Bailey   | Noticed an orc knight
 16287 | Bailey   | Killed an orc knight
 16732 | Bailey   | Killed an orc knight
 16733 | Bailey   | Reached skill level 10 in Armour
 16876 | Bailey   | Reached ***** piety under Lugonu
 17509 | D:10     | Found a shadowy altar of Dithmenos.
 17557 | D:10     | Noticed a two-headed ogre
 17570 | D:10     | Killed a two-headed ogre
 17571 | D:10     | Reached XP level 12. HP: 79/94 MP: 18/18
 17897 | D:11     | Found a viscous altar of Jiyva.
 18229 | D:11     | Reached skill level 6 in Shields
 18412 | D:11     | Noticed Fannar
 18432 | D:11     | Banished Fannar
 18433 | D:11     | Reached skill level 5 in Evocations
 18480 | D:11     | Noticed Psyche
 18494 | D:11     | Killed Psyche
 18588 | D:11     | Found a portal to a secret trove of treasure.
 18794 | D:11     | Found a roughly hewn altar of Beogh.
 19102 | Lair:1   | Entered Level 1 of the Lair of Beasts
 19716 | Lair:1   | Reached skill level 7 in Shields
 20061 | Lair:1   | Reached XP level 13. HP: 80/102 MP: 20/20
 21193 | Lair:2   | Noticed Urug
 21211 | Lair:2   | Killed Urug
 21293 | Lair:2   | Reached skill level 8 in Shields
 21498 | Lair:2   | Reached skill level 10 in Fighting
 21509 | Lair:2   | Reached ****** piety under Lugonu
 21746 | Lair:2   | Noticed a boulder beetle
 21767 | Lair:2   | Reached skill level 10 in Invocations
 21857 | Lair:2   | Reached skill level 9 in Shields
 22256 | Lair:2   | Banished a boulder beetle
 22257 | Lair:2   | Reached skill level 10 in Polearms
 22525 | Lair:3   | Identified the +6 scale mail of Fibimile {rF+++ rN+ Regen+
                  | Slay-2} (You found it on level 3 of the Lair of Beasts)
 22562 | Lair:3   | Found a hole to the Spider Nest.
 22814 | Lair:3   | Found a staircase to the Swamp.
 23736 | Lair:4   | Noticed Snorg
 23755 | Lair:4   | Killed Snorg
 23987 | Lair:4   | Reached skill level 10 in Shields
 24075 | Lair:4   | Noticed a boulder beetle
 24094 | Lair:4   | Banished a boulder beetle
 24108 | Lair:4   | Identified the +5 ring mail "Getunluapp" {-Tele rF++ Will+
                  | Int+4} (You found it on level 4 of the Lair of Beasts)
 24166 | Lair:4   | Noticed a seven-headed hydra
 24166 | Lair:4   | Noticed a seven-headed hydra
 24175 | Lair:4   | Killed a seven-headed hydra
 24182 | Lair:4   | Killed a seven-headed hydra
 24183 | Lair:4   | Reached XP level 14. HP: 57/111 MP: 21/21
 24812 | Lair:4   | Noticed Nergalle
 24839 | Lair:4   | Banished Nergalle
 25449 | Lair:5   | Reached skill level 11 in Shields
 26191 | Lair:5   | Identified the +4 spear of Biuf Fust {vorpal, rPois Will++
                  | MP+9 Dex-5}
 26192 | Lair:5   | Noticed Hiegg's ghost (journeyman CeAM)
 26194 | Lair:5   | Found a bloodstained altar of Trog.
 26207 | Lair:5   | Found a transporter.
 26210 | Lair:5   | Found a transporter.
 26223 | Lair:5   | Identified the +7 rapier of the Abyss {speed, Stlth+}
 26300 | Lair:5   | Reached skill level 12 in Shields
 26421 | Lair:5   | Got a heavily runed bone ring
 26560 | Lair:5   | Identified the ring "Wuseeniar" {rF+ Will+ AC+4 Stlth+}
                  | (You found it on level 5 of the Lair of Beasts)
 26577 | Lair:6   | Entered Level 6 of the Lair of Beasts
 26799 | Lair:6   | Found a dark tunnel.
 26808 | Volcano  | Entered a volcano
 27174 | Lair:6   | Reached XP level 15. HP: 113/119 MP: 23/23
 27186 | Lair:6   | Reached skill level 13 in Shields
 27199 | Lair:6   | Found an ancient bone altar of Kikubaaqudgha.
 27232 | Lair:6   | Found a runed translucent door.
 27233 | Lair:6   | Found a viscous altar of Jiyva.
 27239 | Lair:6   | Found a staircase to the Slime Pits.
 27917 | Lair:6   | Found a large runed translucent door.
 27917 | Lair:6   | Found a large runed translucent door.
 28648 | D:12     | Identified a +5 demon trident of distortion (a +3 demon
                  | trident of electrocution corrupted by Lugonu)
 28648 | D:12     | Received a gift from Lugonu
 28664 | D:12     | Found a staircase to the Orcish Mines.
 28858 | D:12     | Found a hazy altar of Hepliaklqana.
 28951 | D:12     | Reached skill level 5 in Dodging
 29014 | D:12     | Reached skill level 14 in Shields
 29388 | D:13     | Found a gate leading to a gauntlet.
 29401 | Gauntlet | Entered a Gauntlet
 29401 | Gauntlet | Found a transporter.
 29401 | Gauntlet | Found a transporter.
 29401 | Gauntlet | Found a transporter.
 29405 | Gauntlet | Found a transporter.
 29405 | Gauntlet | Found a transporter.
 29405 | Gauntlet | Found a transporter.
 29426 | Gauntlet | Found a transporter.
 29426 | Gauntlet | Found a transporter.
 29442 | Gauntlet | Found a transporter.
 29447 | Gauntlet | Noticed a cacodemon
 29548 | Gauntlet | Found a transporter.
 29555 | Gauntlet | Found a transporter.
 29564 | Gauntlet | Found a transporter.
 30228 | D:13     | Found a runed translucent door.
 30338 | D:13     | Identified the cursed +1 chain mail "Cuifipp" {Str+4
                  | Stlth+} (You found it on level 13 of the Dungeon)
 30760 | D:13     | Noticed an orc warlord
 30771 | D:13     | Killed an orc warlord
 30779 | D:13     | Reached XP level 16. HP: 127/127 MP: 25/25
 30891 | Orc:1    | Entered Level 1 of the Orcish Mines
 30915 | Orc:1    | Found a frozen archway.
 30954 | IceCv    | Entered an ice cave
 31423 | IceCv    | Noticed a frost giant
 31449 | IceCv    | Killed a frost giant
 31450 | IceCv    | Reached skill level 15 in Shields
 31713 | IceCv    | Identified Wappex's Almanac of Poisoning
 31772 | Orc:1    | Found the +10 tower shield of Ignorance {rN+ Int-4}
 31781 | Orc:1    | Found a runed translucent door.
 31827 | Orc:1    | Found a runed translucent door.
 32201 | Orc:1    | Found a runed translucent door.
 32219 | Orc:1    | Noticed Snicker's ghost (journeyman DsDe)
 32290 | Orc:1    | Killed Snicker's ghost
 32510 | Orc:2    | Entered Level 2 of the Orcish Mines
 32851 | Orc:2    | Found a roughly hewn altar of Beogh.
 32852 | Orc:2    | Found Aclamemo's Book Emporium.
 33000 | Orc:2    | Found a staircase to the Elven Halls.
 33191 | Orc:2    | Found a roughly hewn altar of Beogh.
 33212 | Orc:2    | Found a roughly hewn altar of Beogh.
 33446 | Orc:2    | Found Peota's Antique Weapon Shoppe.
 33464 | Orc:2    | Found a roughly hewn altar of Beogh.
 33465 | Orc:2    | Found Mahopt Jieh's Antique Armour Emporium.
 33506 | Orc:2    | Found a roughly hewn altar of Beogh.
 33565 | Orc:2    | Found a roughly hewn altar of Beogh.
 33631 | Orc:2    | Found a roughly hewn altar of Beogh.
 33692 | Orc:2    | Found Houpott's Armour Shoppe.
 33763 | Orc:2    | Bought a glowing kite shield for 247 gold pieces
 33894 | Orc:1    | Found Baubb's Assorted Antiques.
 34508 | D:14     | Found a gate to the Vaults.
 35005 | D:14     | Reached XP level 17. HP: 114/137 MP: 26/26
 35263 | D:15     | Entered Level 15 of the Dungeon
 35389 | D:15     | Found the +8 lance "Wyrmbane" {slay drac, rPois rF+ rC+
                  | AC+3}
 35462 | D:15     | Reached skill level 16 in Shields
 35641 | D:15     | Found a staircase to the Depths.
 36115 | Swamp:1  | Entered Level 1 of the Swamp
 36209 | Swamp:1  | HP: 2/137 [spriggan rider/cursed -1 spear (9)]
 36210 | Swamp:1  | Mangled by a bog body

Illustrated notes

Levels and vault maps discovered:
D:1:      ebering_trefoil_3fold, layout_basic
D:2:      layout_basic, old_standard_altar
D:3:      layout_basic, old_standard_altar, overflow_temple_1_default
D:4:      layout_basic, gup_sewer_entry_spiral
D:5:      layout_cave_pools, nicolae_overflow_crystal_walls,
          nicolae_ru_sacrificial_ziggurat, minmay_temple_entry_poolview,
          gammafunk_ghost_cemetery, basic_altar, serial_gnoll_camp,
          gnoll_camp_mini_hut, gnoll_camp_huts_basic, gnoll_camp_mini_loothouse,
          gnoll_camp_medium_01, gnoll_camp_mini_doghouse
D:6:      layout_rooms, lemuel_tele_altar, uniq_prince_ribbit1
D:7:      layout_basic, kennysheep_little_box, general_overflow_altar,
          chequers_serial_rivers_micro_e, minmay_tree_intersection
D:8:      lemuel_slime, layout_cave_pools, lemuel_zombie_altar_kikubaaqudgha
D:9:      layout_cave_pools, marbit_many_paths, bloody_makhleb,
          old_standard_altar, lemuel_crystal_altar, basic_altar,
          grunt_ministairs_3, kennysheep_generic_room_15, uniq_maurice
D:10:     layout_stronghold, enter_bailey_3,
          nicolae_dithmenos_through_a_glass_darkly
D:11:     layout_roguey [special_room_orc], enter_trove_3, jiyva_altar_1,
          uniq_fannar, uniq_psyche
D:12:     layout_cross, david_orc_1_choice, basic_altar,
          hangedman_abyss_or_decor_clamps
D:13:     layout_roguey, gauntlet_entry_generic, minivault_13
D:14:     layout_roguey [special_room_mythical_zoo], ximxim_vaults_locker_room,
          hangedman_little_slice_of_home
D:15:     gammafunk_depths_entry_grave, layout_rooms, minivault_23
Lair:1:   layout_cave_pods, minivault_24, grunt_megastairs_5,
          infiniplex_staircase_pool_2
Lair:2:   layout_loops_ring, beast_lair_carwin_6, serial_bayou_shore_b,
          uniq_urug
Lair:3:   layout_layer_cave, nicolae_swamp_entry_splash_gauntlet,
          nicolae_spider_entry_orb_guardian
Lair:4:   nzn_winding_woodlands_cross [nzn_winding_woodlands_5x15_concentric,
          nzn_winding_woodlands_5x15_pool, nzn_winding_woodlands_5x15_longhouse,
          nzn_winding_woodlands_5x15_garden,
          nzn_winding_woodlands_15x15_eel_pit], layout_layer_cave,
          serial_bayou_lake_a, uniq_snorg, uniq_nergalle
Lair:5:   layout_hall_layers, gammafunk_ghost_wrathful_warriors,
          serial_bayou_shore_a
Lair:6:   cheibrodos_lair_end_hotspot, layout_loops_ring, slime_altar_2,
          nicolae_volcano_entry_batcave, basic_altar, minivault_25,
          serial_bayou_lagoon_a
Swamp:1:  layout_falls_marsh, ebering_ghost_disaster_area,
          hangedman_swamp_ruin_wall
Orc:1:    layout_diamond_mine, portal_ice_cave_entry_pillars_1,
          ebering_ghost_reflecting_pool, serial_shops, shop_statue,
          chequers_guarded_unrand_ignorance
Orc:2:    grunt_orc_community_town_hall, layout_caves,
          grunt_orc_community_big_house_2, grunt_orc_community_big_house_1,
          grunt_orc_community_house_2, grunt_orc_community_house_1,
          grunt_orc_community_house_2, grunt_orc_community_house_2,
          grunt_orc_community_house_3, grunt_orc_community_house_1

Skill      XL: |  1  2  3  4  5  6  7  8  9 10 11 12 13 14 15 16 17 |
---------------+----------------------------------------------------+-----
Fighting       | 4 5 6 7 8 9 10 11 12 13 | 13.5
Dodging        | 1 2 3 4 5 |  5.7
Polearms       | 3 4 5 6 7 8 9 10 11 12 13 | 13.0
Armour         | 3 4 5 7 9 10 11 12 13 14 | 14.0
Invocations    | 3 4 5 6 7 8 9 10 11 12 | 12.6
Stealth        | 1 2 3 |  3.6
Throwing       | 1 3 |  3.7
Shields        | 1 3 5 7 10 12 14 15 16 | 16.5
Evocations     | 2 4 5 6 |  6.7

Action                   |  1- 3 |  4- 6 |  7- 9 | 10-12 | 13-15 | 16-18 || total
-------------------------+-------+-------+-------+-------+-------+-------++-------
Melee: Spear             |   140 |   356 |   535 |   841 |  1011 |       ||  2883
       Demon trident     |       |       |       |       |   592 |  1086 ||  1678
       Lance             |       |       |       |       |       |    40 ||    40
Throw: Dart              |       |     8 |    32 |    61 |    10 |       ||   111
       Javelin           |       |       |       |       |     5 |       ||     5
Invok: Depart the Abyss  |     1 |       |     3 |       |       |       ||     4
       Bend Space        |       |       |     1 |       |     4 |     7 ||    12
       Banish            |       |       |       |     2 |     4 |     2 ||     8
       Brand Weapon With |       |       |       |       |     1 |       ||     1
 Abil: Dig               |       |       |     2 |     7 |    18 |     6 ||    33
       Shaft Self        |       |       |     1 |       |       |       ||     1
       Evoke Flight      |       |       |       |     2 |       |       ||     2
Evoke: Wand              |       |       |     1 |    16 |     7 |     4 ||    28
       Condenser vane    |       |       |       |       |       |     2 ||     2
  Use: Scroll            |     3 |     4 |     7 |     7 |    18 |     3 ||    42
       Potion            |       |     5 |     1 |     1 |       |     7 ||    14
 Stab: Sleeping          |       |     1 |       |       |     9 |    22 ||    32
       Paralysed         |       |       |       |     1 |       |       ||     1
       Distracted        |       |       |       |       |     1 |     1 ||     2
Armor: Leather armour    |    37 |    67 |    27 |       |       |       ||   131
       Scale mail        |       |       |   107 |       |   389 |   143 ||   639
       Ring mail         |       |       |    15 |       |       |       ||    15
       Chain mail        |       |       |    60 |   202 |    38 |    33 ||   333
Dodge: Dodged            |    55 |   165 |   315 |   168 |   330 |   119 ||  1152
Block: Buckler           |       |       |    16 |    75 |       |       ||    91
       Tower shield      |       |       |       |    66 |  1049 |   860 ||  1975
       Reflection        |       |       |       |       |       |    23 ||    23

Table legend: (Time is in decaauts)
 A = Elapsed time spent in this place.
 B = Non-inter-level travel time spent in this place.
 C = Inter-level travel time spent in this place.
 D = Time resting spent in this place.
 E = Time spent auto-exploring this place.
 F = Levels seen in this place.
 G = Mean time per level.
                   A        B        C        D        E       F      G
               +--------+--------+--------+--------+--------+-----+--------+
         Total |  35292 |  34080 |   1212 |   6937 |  18361 |  33 | 1069.5 |
       Dungeon |  19572 |  18836 |    736 |   4122 |  10603 |  15 | 1304.8 |
          Lair |   8899 |   8521 |    378 |   1249 |   5185 |   6 | 1483.2 |
         Swamp |     91 |     91 |      0 |      0 |     29 |   1 |   91.0 |
  Orcish Mines |   2256 |   2159 |     97 |    130 |   1050 |   2 | 1128.0 |
         Abyss |    236 |    236 |      0 |      0 |    141 |   4 |   59.0 |
         Sewer |   1728 |   1728 |      0 |    693 |    717 |   1 | 1728.0 |
        Bailey |    817 |    817 |      0 |    360 |    230 |   1 |  817.0 |
      Ice Cave |    762 |    762 |      0 |    201 |    235 |   1 |  762.0 |
       Volcano |    290 |    290 |      0 |      3 |    160 |   1 |  290.0 |
      Gauntlet |    636 |    636 |      0 |    179 |      8 |   1 |  636.0 |
               +--------+--------+--------+--------+--------+-----+--------+

Top non-repeatable levels by time:
     D:2: 2418 daAuts
     D:5: 2399 daAuts
     D:4: 2202 daAuts
  Lair:1: 2119 daAuts
   Sewer: 1728 daAuts
  Lair:4: 1696 daAuts
     D:7: 1589 daAuts
     D:1: 1442 daAuts
  Lair:6: 1382 daAuts
  Lair:3: 1360 daAuts
   Orc:2: 1266 daAuts
  Lair:2: 1262 daAuts
    D:10: 1199 daAuts
    D:11: 1179 daAuts
     D:6: 1102 daAuts
